 Dungeon Crawl Stone Soup version 0.29.1-1-gd02db6906a (webtiles) character file.

Game seed: 11634158155034827873

15686 unlimited1921 the Thaumaturge (level 12, -3/74 HPs)
             Began as a Djinni Fire Elementalist on Sept 19, 2022.
             Was an Elder of Fedhas.
             Slain by a six-headed hydra (7 damage)
             ... on level 2 of the Lair of Beasts.
             The game lasted 01:37:05 (19222 turns).

unlimited1921 the Thaumaturge (DjFE)               Turns: 19222, Time: 01:37:06

Health: -3/74      AC:  6    Str:  7    XL:     12   Next: 60%
Gold:   535        EV: 14    Int: 21    God:    Fedhas [****..] SH:  7 Dex: 27

rFire   + + +      SeeInvis .   B - +2 hammer (protect)
rCold   x . .      Faith    .   K - +0 buckler
rNeg    . . .      Spirit   .   I - +0 leather armour {rF+}
rPois   ∞          Reflect  .   O - +2 hat {Stlth+}
rElec   .          Harm     +   v - scarf {harm}
rCorr   .          Rampage  .   t - +0 pair of gloves
Will    +....                   (boots unavailable)
Stlth   ++++......              q - amulet of regeneration
HPRegen 1.02/turn               f - +6 ring of dexterity
MPRegen 0.00/turn               C - +6 ring of dexterity

@: flying
A: sickness immunity, fire resistance 2, cold vulnerability 1, float, innate
caster, HP casting, extra vitality 1
a: Renounce Religion, Wall of Briars, Grow Ballistomycete, Overgrow


You were on level 2 of the Lair of Beasts.
You worshipped Fedhas.
Fedhas was greatly pleased with you.
You visited 2 branches of the dungeon, and saw 11 of its levels.
You also visited: Sewer and Bailey.

You collected 815 gold pieces.
You spent 280 gold pieces at shops.

Inventory:

Hand Weapons
 b - a +0 spear of venom
 k - a +4 trident of freezing
 p - a +4 mace
 B - a +2 hammer of protection (weapon)
 Y - a +0 rapier of draining
Missiles
 e - 29 poisoned darts
 r - 2 datura-tipped darts
 L - a curare-tipped dart
 W - a throwing net
Armour
 t - a +0 pair of gloves (worn)
 u - a +0 ring mail
 v - a scarf of harm (worn)
 A - a +2 robe of cold resistance
 I - a +0 leather armour of fire resistance (worn)
 K - a +0 buckler (worn)
 O - a +2 hat of stealth (worn)
Jewellery
 f - a +6 ring of dexterity (left hand)
 j - a ring of ice
 l - a +4 ring of slaying
 o - a ring of resist corrosion
 q - an amulet of regeneration (around neck)
 C - a +6 ring of dexterity (right hand)
 G - a ring of ice
 M - a ring of willpower
 N - an amulet of reflection
Wands
 x - a wand of flame (23)
 Q - a wand of charming (8)
 Z - a wand of roots (6) (quivered)
Scrolls
 c - 2 scrolls of enchant armour
 d - a scroll of noise {unknown}
 m - 2 scrolls of fog
 s - 11 scrolls of teleportation
 y - 3 scrolls of immolation
 F - 3 scrolls of blinking
 R - 3 scrolls of fear
 T - a scroll of enchant weapon
 U - 2 scrolls of poison
 V - a scroll of summoning
 X - a scroll of magic mapping {unknown}
Potions
 a - 8 potions of curing
 g - 2 potions of brilliance
 h - 2 potions of might
 i - a potion of cancellation
 n - 2 potions of mutation
 w - a potion of heal wounds
 z - a potion of berserk rage
 H - 2 potions of haste
 S - 2 potions of invisibility


   Skills:
 + Level 2.2 Fighting
 + Level 2.0 Maces & Flails
 - Level 1.2 Polearms
 + Level 4.2 Armour
 + Level 3.8 Dodging
 + Level 4.0 Stealth
 + Level 5.8 Shields
 + Level 12.5 Spellcasting
 * Level 6.2 Invocations


You had 9 spell levels left.
You knew the following spells:

 Your Spells              Type           Power      Damage    Failure   Level
a - Foxfire               Conj/Fire      100%       2x1d9     1%          1
b - Scorch                Fire           100%       2d10      1%          2
c - Conjure Flame         Conj/Fire      60%        6-21      1%          3
d - Inner Flame           Hex/Fire       60%        N/A       1%          3
e - Flame Wave            Conj/Fire      60%        2d14      1%          4
f - Freeze                Ice            100%       1d11      1%          1
g - Call Imp              Summ           60%        N/A       1%          2
h - Summon Guardian Gole  Hex/Summ       60%        N/A       1%          3
i - Ignite Poison         Fire/Tmut/Pois 60%        N/A       1%          3
j - Agony                 Necr           60%        N/A       1%          5
Your spell library was empty.

Dungeon Overview and Level Annotations

Branches:
Dungeon (9/15)             Temple (0/1) D:7            Lair (2/5) D:8
  Swamp (0/4) Lair:2        Sewer (visited)          Bailey (visited)
  Snake: Lair:2-3    Spider: Lair:2-3       Orc: D:9-12

Altars:
Fedhas
Makhleb
Wu Jian
The Shining One

Shops:
D:9 ?


Innate Abilities, Weirdness & Mutations

You are immune to sickness and miasma.
You are immune to poison.
Your flesh is very heat resistant. (rF++)
You are vulnerable to cold. (rC-)
You float through the air rather than walking.
You learn spells naturally, not from books.
Your magical power is your life essence.
You have superior vitality. (+4 MHP)


Message History

Flame seeps out of the six-headed hydra.
Unknown command.
Casting: Foxfire (safe; 1% risk of failure)
Confirm with . or Enter, or press ? or * to list all spells.
A guardian golem appears, shielding your allies.
The six-headed hydra bites you! x2
You block the six-headed hydra's attack.
The six-headed hydra misses you. The six-headed hydra bites you!
* * * LOW HITPOINT WARNING * * *
The six-headed hydra misses you.
The six-headed hydra attacks as you move away!
The six-headed hydra bites you but does no damage. x2
The six-headed hydra bites you.
* * * LOW HITPOINT WARNING * * *
The six-headed hydra bites you!
* * * LOW HITPOINT WARNING * * *
You block the six-headed hydra's attack.
The six-headed hydra bites you but does no damage.
You feel much better. The six-headed hydra bites you!
* * * LOW HITPOINT WARNING * * *
The six-headed hydra bites you but does no damage.
The six-headed hydra barely misses you. The six-headed hydra misses you. x3
Aiming: Fastroot
Press: ? - help, Q - select action, (/) - cycle Shift-Dir - straight line, f/p - six-headed hydra
Aim: a six-headed hydra (moderately wounded, inner flame, ally target)
Okay, then.
Casting: Summon Guardian Golem (safe; 1% risk of failure)
Confirm with . or Enter, or press ? or * to list all spells.
Okay, then.
Unknown command.
Aiming: Fastroot
Press: ? - help, Q - select action, (/) - cycle Shift-Dir - straight line, f/p - six-headed hydra
Aim: a six-headed hydra (moderately wounded, inner flame, ally target)
Okay, then.
The six-headed hydra attacks as you move away!
The six-headed hydra bites you!
* * * LOW HITPOINT WARNING * * *
The six-headed hydra misses you. The six-headed hydra bites you.
You die...
Fedhas appreciates your contribution to the ecosystem.

#................###># ##
#..#.#.####.......P#.####..#
##..........>...............#
##...........................#
#..........................$.#
............................#
............................#
....................P..#....#
...P..#.........@D9##.P##...#
...........#.......##).PP...P#
...#.........................#
...#.......#........#..##...P#
...♣.......#.......##..# ...##
.≈♣♣♣≈..............#..#.....#
♣♣♣≈≈♣.....P.......###. #....
♣≈≈≈≈≈≈.###........##..##...###
§≈§§§§♣.....................#.#


You could see a six-headed hydra (inner flame, ally target) and a friendly
guardian golem (summoned).

Vanquished Creatures
  Gastronok (Lair:1)
  Fannar (Lair:1)
  A hydra (Lair:2)
  Nergalle (Lair:1)
  A cyclops (D:6)
  A black mamba (Lair:1)
  A rime drake (Lair:2)
  2 cane toads (Lair:1)
  A polar bear (Lair:1)
  Prince Ribbit (Bailey)
  A vampire (D:9)
  A shadow (D:9)
  3 wyverns
  3 humans (Bailey)
  10 yaks
  A steam dragon (D:6)
  Menkaure (D:7)
  A sky beast (D:8)
  6 water moccasins
  4 ice beasts
  3 orc warriors
  The ghost of Rudyous the Trooper, an amateur MiFi (D:3)
  8 ogres
  5 centaurs
  2 phantoms (D:5)
  6 kobold brigands
  13 bullfrogs
  2 scorpions (D:5)
  2 gnoll sergeants
  9 wights
  5 killer bees
  8 howler monkeys
  6 electric eels (D:5)
  7 hounds
  2 jellies
  9 orc priests
  3 iguanas
  Crazy Yiuf (D:3)
  3 gnoll boudas (D:6)
  Natasha (twice) (D:2)
  9 orc wizards
  Robin (D:4)
  15 gnolls
  9 adders
  A river rat (D:3)
  A shadow imp (D:5)
  2 white imps
  4 ufetubi
  3 worms
  2 dart slugs
  23 orcs
  5 ball pythons
  6 endoplasms
  6 giant cockroaches
  9 goblins
  12 hobgoblins
  5 jackals
  7 kobolds
  5 quokkas
  12 bats
  2 frilled lizards (D:2)
  7 rats
285 creatures vanquished.

Vanquished Creatures (collateral kills)
  A sky beast (D:7)
  4 goblins (D:4)
5 creatures vanquished.

Vanquished Creatures (others)
  2 vault guards (Bailey)
  2 killer bees (D:8)
  482 foxfires
  A fungus (Lair:1)
  16 plants
503 creatures vanquished.

Grand Total: 793 creatures vanquished

Notes
Turn   | Place    | Note
-------+----------+-------------------------------------------
     0 | D:1      | unlimited1921 the Djinni Fire Elementalist began the quest
                  | for the Orb.
     0 | D:1      | unlimited1921 set off with the following spells memorised:
                  | Foxfire, Scorch, Conjure Flame, Inner Flame, Flame Wave.
     0 | D:1      | Reached XP level 1. HP: 15/15 MP: 0/0
   285 | D:1      | Reached XP level 2. HP: 21/21 MP: 0/0
  1262 | D:1      | Found a faded altar of an unknown god.
  1781 | D:2      | Reached skill level 3 in Spellcasting
  1781 | D:2      | Reached XP level 3. HP: 21/25 MP: 0/0
  1781 | D:2      | Learned a level 1 spell: Freeze
  1976 | D:2      | Reached XP level 4. HP: 18/31 MP: 0/0
  3004 | D:2      | Noticed Natasha
  3007 | D:2      | Killed Natasha
  3008 | D:2      | Reached XP level 5. HP: 31/36 MP: 0/0
  3008 | D:2      | Learned a level 2 spell: Call Imp
  3032 | D:2      | Reached skill level 4 in Spellcasting
  3437 | D:2      | Noticed Natasha
  3440 | D:2      | Killed Natasha
  3860 | D:3      | Found a glowing golden altar of the Shining One.
  3904 | D:3      | Found a transporter.
  3906 | D:3      | Noticed Rudyous's ghost (amateur MiFi)
  3908 | D:3      | Noticed an ice beast
  3960 | D:3      | Found a transporter.
  4268 | D:3      | Reached skill level 1 in Armour
  4313 | D:3      | Found a runed translucent door.
  4314 | D:3      | Noticed Crazy Yiuf
  4457 | D:3      | Reached XP level 6. HP: 41/41 MP: 0/0
  4484 | D:3      | Found a glowing drain.
  4497 | Sewer    | Entered a sewer
  4581 | Sewer    | Noticed a water moccasin
  4584 | Sewer    | Killed a water moccasin
  4585 | Sewer    | Reached skill level 1 in Fighting
  4585 | Sewer    | Reached skill level 1 in Polearms
  4783 | D:3      | Killed Crazy Yiuf
  4945 | D:4      | Reached XP level 7. HP: 30/47 MP: 0/0
  4945 | D:4      | Learned a level 3 spell: Summon Guardian Golem
  5099 | D:4      | Noticed Robin
  5121 | D:4      | Killed Robin
  5487 | D:4      | Reached skill level 5 in Spellcasting
  6541 | D:5      | Entered Level 5 of the Dungeon
  7009 | D:5      | Reached XP level 8. HP: 49/52 MP: 0/0
  7498 | D:5      | Reached skill level 6 in Spellcasting
  7675 | D:5      | You are sucked into a shaft and drop 1 floor!
  7830 | D:6      | Found a burning altar of Makhleb.
  7844 | D:6      | Found an ornate altar of the Wu Jian Council.
  7846 | D:6      | Found a blossoming altar of Fedhas.
  7877 | D:6      | Became a worshipper of Fedhas Madash
  8094 | D:6      | Reached skill level 7 in Spellcasting
  8327 | D:6      | Reached XP level 9. HP: 52/58 MP: 0/0
  8327 | D:6      | Learned a level 3 spell: Ignite Poison
  8431 | D:5      | Reached skill level 8 in Spellcasting
  8875 | D:5      | Reached * piety under Fedhas
 10184 | D:6      | Reached skill level 1 in Shields
 10618 | D:6      | Reached skill level 9 in Spellcasting
 10653 | D:6      | Reached XP level 10. HP: 58/64 MP: 0/0
 10720 | D:6      | Reached ** piety under Fedhas
 10854 | D:6      | Reached skill level 1 in Maces & Flails
 11122 | D:6      | Noticed a cyclops
 11132 | D:6      | Killed a cyclops
 12148 | D:7      | Found a staircase to the Ecumenical Temple.
 12255 | D:7      | Found a flagged portal.
 12486 | Bailey   | Entered a bailey
 12552 | Bailey   | Reached skill level 1 in Invocations
 12709 | Bailey   | Reached skill level 10 in Spellcasting
 12834 | Bailey   | Noticed a vault guard
 12834 | Bailey   | Noticed Prince Ribbit
 12849 | Bailey   | Killed Prince Ribbit
 12849 | Bailey   | Killed a vault guard
 12849 | Bailey   | Reached *** piety under Fedhas
 12850 | Bailey   | Reached XP level 11. HP: 44/68 MP: 0/0
 12850 | Bailey   | Learned a level 5 spell: Agony
 12863 | Bailey   | Noticed a vault guard
 12889 | Bailey   | HP: 1/68 [vault guard/+0 broad axe (24)]
 12892 | Bailey   | Killed a vault guard
 13807 | D:7      | Noticed Menkaure
 13815 | D:7      | Killed Menkaure
 15059 | D:8      | Reached skill level 11 in Spellcasting
 15433 | D:8      | Found a staircase to the Lair.
 16147 | D:8      | Reached skill level 5 in Shields
 16833 | D:9      | Found Gaoh's Magic Scroll Boutique.
 16839 | D:9      | Bought a scroll of teleportation for 30 gold pieces
 16839 | D:9      | Bought a scroll of blinking for 75 gold pieces
 16839 | D:9      | Bought a scroll of identify for 20 gold pieces
 16839 | D:9      | Bought a scroll of identify for 20 gold pieces
 16839 | D:9      | Bought a scroll of blinking for 75 gold pieces
 16839 | D:9      | Bought a scroll of identify for 20 gold pieces
 16839 | D:9      | Bought a scroll of poison for 40 gold pieces
 16887 | D:9      | Reached **** piety under Fedhas
 17736 | D:3      | Killed Rudyous's ghost
 18073 | Lair:1   | Entered Level 1 of the Lair of Beasts
 18213 | Lair:1   | Noticed Nergalle
 18230 | Lair:1   | Killed Nergalle
 18231 | Lair:1   | Reached XP level 12. HP: 35/74 MP: 0/0
 18297 | Lair:1   | Reached skill level 5 in Invocations
 18323 | Lair:1   | Reached skill level 12 in Spellcasting
 18504 | Lair:1   | Noticed Gastronok
 18513 | Lair:1   | Killed Gastronok
 18795 | Lair:1   | Noticed Fannar
 18828 | Lair:1   | Killed Fannar
 19094 | Lair:2   | Found a staircase to the Swamp.
 19105 | Lair:2   | Noticed a six-headed hydra
 19112 | Lair:2   | Killed a six-headed hydra
 19209 | Lair:2   | Noticed a six-headed hydra
 19222 | Lair:2   | Slain by a six-headed hydra

Illustrated notes

Levels and vault maps discovered:
D:1:      heliophobic_arrival_enchanted_forest, layout_loops_ring,
          chequers_ecumenical_altar_simple
D:2:      layout_basic, uniq_natasha
D:3:      layout_loops_ring, tso_metal_star, gammafunk_ghost_arena,
          gup_sewer_entry_bubbles, uniq_crazy_yiuf_cottage
D:4:      layout_loops_corners, dreamdust_wishing_well, chequers_garden,
          uniq_robin
D:5:      cheibrodos_two_vegetables, layout_loops_corners
D:6:      lemuel_castle_with_subvaults [lemuel_castle_interior_carwin_1],
          layout_loops_ring, chequers_temple_overflow_statue_of_worship,
          grunt_ministairs_6, hex_tiny
D:7:      layout_basic, minmay_temple_entry_antechambers, enter_bailey_6,
          nicolae_titane, uniq_menkaure
D:8:      layout_basic, lair_entry_dummy, grunt_tough_drop
D:9:      layout_cave_pools, serial_shops, shop
Lair:1:   layout_misc_corridors, uniq_nergalle, uniq_gastronok, uniq_fannar
Lair:2:   layout_regular_city, swamp_mist_pool,
          minmay_snake_entry_guardpost_large, chequers_serial_rivers_small_b

Skill      XL: |  1  2  3  4  5  6  7  8  9 10 11 12 |
---------------+-------------------------------------+-----
Spellcasting   | 3 4 5 7 9 10 11 12 | 12.5
Armour         | 1 2 3 4 |  4.2
Fighting       | 1 2 |  2.2
Polearms       | 1 |  1.2
Stealth        | 2 3 4 |  4.0
Shields        | 2 4 5 |  5.8
Maces & Flails | 2 |  2.0
Dodging        | 3 |  3.8
Invocations    | 2 4 6 |  6.2

Action                   |  1- 3 |  4- 6 |  7- 9 | 10-12 || total
-------------------------+-------+-------+-------+-------++-------
Melee: Spear             |     5 |    35 |       |       ||    40
       Mace              |       |       |     4 |    26 ||    30
 Cast: Foxfire           |    28 |    44 |   111 |   134 ||   317
       Scorch            |     4 |    18 |    60 |    88 ||   170
       Inner Flame       |     3 |    13 |    49 |    78 ||   143
       Call Imp          |       |     3 |     3 |    19 ||    25
       Summon Guardian G |       |       |     6 |    25 ||    31
       Freeze            |       |       |     1 |       ||     1
       Flame Wave        |       |       |       |     3 ||     3
       Conjure Flame     |       |       |       |     2 ||     2
       Agony             |       |       |       |     2 ||     2
  Use: Scroll            |       |       |    10 |     7 ||    17
       Potion            |       |       |     1 |     7 ||     8
 Stab: Sleeping          |       |     8 |       |       ||     8
Armor: Robe              |     2 |       |       |       ||     2
       Leather armour    |     2 |     7 |     9 |    32 ||    50
Dodge: Dodged            |     3 |    19 |    24 |    52 ||    98
Block: Buckler           |       |       |     1 |    36 ||    37
       Reflection        |       |       |       |     5 ||     5
